 Dungeon Crawl Stone Soup version 0.23-b1 (webtiles) character file.

Game seed: 15464624894715949708

144 1994 the Shooter (level 5, -1/45 HPs)
             Began as a Centaur Hunter on Jan 30, 2019.
             Killed by divine providence
             ... invoked by an orc priest
              (11 damage)
             ... on level 2 of the Dungeon.
             The game lasted 00:12:10 (3328 turns).

1994 the Shooter (Centaur Hunter)                   Turns: 3328, Time: 00:12:12

Health: -1/45      AC:  5    Str: 15    XL:     5   Next: 5%
Magic:  14/14      EV:  9    Int: 10    God:
Gold:   172        SH:  0    Dex: 10    Spells: 4/4 levels left

rFire    . . .     SeeInvis .   b - +0 short sword
rCold    . . .     Gourm    .   (no shield)
rNeg     . . .     Faith    .   c - +0 leather armour
rPois    .         Spirit   .   s - +0 helmet
rElec    .         Reflect  .   (no cloak)
rCorr    .         Harm     .   (no gloves)
MR       .....                  (no barding)
Stlth    ..........             (no amulet)
HPRegen  0.15/turn              p - ring of magical power
MPRegen  0.14/turn              (no ring)

@: drained, very quick
A: large, hooves 3, deformed body, speed 2, tough skin 3
a: no special abilities


You were on level 2 of the Dungeon.
You were not hungry.

You visited 1 branch of the dungeon, and saw 3 of its levels.

You collected 172 gold pieces.

Inventory:

Hand Weapons
 a - a +1 shortbow
 b - a +0 short sword (weapon)
Missiles
 d - 25 arrows
 n - a throwing net (quivered)
Armour
 c - a +0 leather armour (worn)
 s - a +0 helmet (worn)
Jewellery
 p - a ring of magical power (left hand)
Scrolls
 h - a scroll of noise
 i - a scroll of remove curse
 m - a scroll of fog {unknown}
 o - 2 scrolls of identify {unknown}
 q - a scroll of enchant weapon {unknown}
Potions
 e - 2 potions of cancellation {unknown}
 g - a potion of lignification {unknown}
 j - a potion of mutation {unknown}
 k - a potion of resistance {unknown}
 l - a potion of flight {unknown}
 r - a potion of heal wounds {unknown}
Comestibles
 f - 7 rations


   Skills:
 + Level 3.3(2.4) Fighting
 + Level 6.5(5.5) Bows
 + Level 2.5(1.6) Dodging
 - Level 0.4(0.0) Stealth


You had 4 spell levels left.
You didn't know any spells.
Your spell library was empty.

Dungeon Overview and Level Annotations

Branches:
Dungeon (3/15)

Altars:


Innate Abilities, Weirdness & Mutations

You have hooves in place of feet.
Armour fits poorly on your strangely shaped body.
You cover ground very quickly.
You have extremely tough skin. (AC +3)


Message History

You barely miss the orc priest.
The orc priest is lightly wounded.
The orc barely misses you.
The orc priest mumbles some strange prayers to Beogh against you.
Beogh smites you!
You hit the orc priest but do no damage.
Your kick misses the orc priest.
The orc priest is lightly wounded.
The orc hits you with a +0 flail. The orc priest completely misses you.
You completely miss the orc priest.
The orc priest is lightly wounded.
The orc closely misses you.
The orc priest hits you but does no damage.
You hit the orc priest. You kick the orc priest.
The orc priest is heavily wounded.
The orc hits you with a +0 flail.
* * * LOW HITPOINT WARNING * * *
The orc priest calls down the wrath of Beogh upon you.
Beogh smites you!
You die...

..#.....##........######
........##.............#
.#...................#.#####
...................#.#.....#
..............#............#
#..................#.#.##..#
#..##........##..#.........#
#..##...........o###.#.....#
+...............@......##.##
#.........#....o..##.#.##.#
..........#.......#..#.##.#
...##.....#..........#.##.#
...##.....#.......#.......#
...##..........####.......#
##.##.....##.........#.####
.......................#
##.##......#...#.###.#.#


You could see an orc priest and an orc.

Vanquished Creatures
  An orc wizard (D:3)
  Robin (D:1)
  A gnoll (D:1)
  An ooze (D:2)
  3 dart slugs
  A leopard gecko (D:2)
  An orc (D:3)
  3 giant cockroaches
  10 hobgoblins
  10 jackals
  9 kobolds
  2 quokkas
  A ball python (D:1)
  7 bats
  4 frilled lizards
  15 goblins
  6 rats (D:1)
  A bush (D:1)
77 creatures vanquished.

Notes
Turn   | Place    | Note
-------+----------+-------------------------------------------
     0 | D:1      | 1994 the Centaur Hunter began the quest for the Orb.
     0 | D:1      | Reached XP level 1. HP: 17/17 MP: 1/1
   364 | D:1      | Reached XP level 2. HP: 17/25 MP: 2/2
   681 | D:1      | Reached XP level 3. HP: 30/30 MP: 3/3
  1315 | D:1      | Reached skill level 6 in Bows
  1742 | D:2      | Reached XP level 4. HP: 22/37 MP: 4/4
  2015 | D:2      | Found a faded altar of an unknown god.
  2121 | D:2      | Noticed Robin
  2210 | D:1      | Killed Robin
  3106 | D:3      | Reached XP level 5. HP: 23/45 MP: 5/5
  3328 | D:2      | Killed from afar by an orc priest

Skill      XL: |  1  2  3  4 |
---------------+-------------+-----
Dodging        | 2 |  2.5
Bows           | 6 |  6.5
Fighting       | 3 |  3.3
Stealth        | |  0.4

Action                   |  1- 3 |  4- 6 || total
-------------------------+-------+-------++-------
Melee: Short sword       |   253 |    99 ||   352
       Kick              |    82 |    22 ||   104
 Fire: Shortbow          |     6 |     2 ||     8
  Use: Scroll            |     2 |       ||     2
  Eat: Chunk             |     2 |     5 ||     7
Armor: Leather armour    |    64 |    28 ||    92
Dodge: Dodged            |    85 |    41 ||   126
